 Dungeon Crawl Stone Soup version 0.23-a0-639-ga9a3373 (webtiles) character file.

1142 tidbits the Caller (level 8, -1/58 HPs)
             Began as a Gnoll Summoner on Dec 29, 2018.
             Was a Follower of Cheibriados.
             Slain by a gargoyle
             ... wielding a +0 morningstar
              (28 damage)
             ... on level 8 of the Dungeon.
             The game lasted 00:25:49 (2440 turns).

tidbits the Caller (Gnoll Summoner)                 Turns: 2440, Time: 00:25:49

Health: -1/58      AC:  6    Str: 13    XL:     8   Next: 37%
Magic:  12/17      EV: 16    Int: 21    God:    Cheibriados [*.....]
Gold:   32         SH:  0    Dex: 20    Spells: 9/19 levels left

rFire    + . .     SeeInvis .   Q - +0 morningstar
rCold    . . .     Gourm    .   (no shield)
rNeg     . . .     Faith    .   B - +0 robe {rF+}
rPois    .         Spirit   .   E - +2 helmet
rElec    .         Reflect  .   C - +0 cloak
rCorr    +         Harm     .   (no gloves)
MR       .....                  (no boots)
Stlth    +++.......             (no amulet)
HPRegen  0.19/turn              X - +2 ring of dexterity
MPRegen  0.15/turn              K - ring of resist corrosion

@: very slow
A: distributed training, fangs 1, strong nose
a: Bend Time, Renounce Religion


You were on level 8 of the Dungeon.
You worshipped Cheibriados.
Cheibriados was aware of your devotion.
You were not hungry.

You visited 2 branches of the dungeon, and saw 9 of its levels.

You collected 308 gold pieces.
You spent 276 gold pieces at shops.

Inventory:

Hand Weapons
 a - a +0 dagger
 b - a +4 spear
 k - a +0 short sword
 m - a +0 quarterstaff
 y - a +2 hand axe of electrocution
   (You took it off an orc on level 3 of the Dungeon)
 D - a +0 hunting sling
 M - a +0 long sword
 Q - a +0 morningstar (weapon)
 R - a +1 war axe of freezing
   (You took it off an orc on level 7 of the Dungeon)
Missiles
 e - 69 arrows
 g - 39 bolts
 l - 25 stones
 o - 9 tomahawks (quivered)
Armour
 d - a +0 robe
 z - a +0 ring mail
 A - a +0 leather armour of cold resistance
   (You took it off Ijyb on level 3 of the Dungeon)
 B - a +0 robe of fire resistance (worn)
   (You took it off an orc wizard on level 7 of the Dungeon)
 C - a +0 cloak (worn)
 E - a +2 helmet (worn)
 L - a +1 hat
 N - a +2 leather armour of poison resistance
   (You took it off Eustachio on level 6 of the Dungeon)
Jewellery
 v - an uncursed ring of attention
   (You found it on level 5 of the Dungeon)
 H - an uncursed ring of protection from magic
   (You found it on level 6 of the Dungeon)
 K - a ring of resist corrosion (right hand)
   (You found it on level 5 of the Dungeon)
 X - a +2 ring of dexterity (left hand)
   (You found it on level 1 of the Dungeon)
Wands
 f - a wand of digging (4)
 j - a wand of disintegration (12)
 p - a wand of paralysis (15)
 w - a wand of flame (16)
 G - a wand of acid (6)
Scrolls
 n - 4 scrolls of remove curse
 r - a scroll of immolation {unknown}
 s - 3 scrolls of blinking
 u - a scroll of random uselessness
 F - 2 scrolls of teleportation
 I - a scroll of magic mapping
 O - a scroll of fear
 P - a scroll of amnesia
Potions
 q - 4 potions of curing
 t - a potion of heal wounds
 x - a potion of invisibility
Comestibles
 c - 7 rations


   Skills:
 + Level 3.1 Fighting
 + Level 3.1 Short Blades
 + Level 3.1 Long Blades
 + Level 3.1 Axes
 + Level 3.1 Maces & Flails
 + Level 3.1 Polearms
 + Level 3.1 Staves
 + Level 3.1 Slings
 + Level 3.1 Bows
 + Level 3.1 Crossbows
 + Level 3.1 Throwing
 + Level 3.1 Armour
 + Level 5.6 Dodging
 + Level 5.3 Stealth
 + Level 3.1 Shields
 + Level 3.1 Unarmed Combat
 + Level 6.0 Spellcasting
 + Level 2.5 Conjurations
 + Level 2.5 Hexes
 + Level 2.5 Charms
 + Level 7.6 Summonings
 + Level 2.5 Necromancy
 + Level 2.5 Translocations
 + Level 2.5 Transmutations
 + Level 2.5 Fire Magic
 + Level 2.5 Ice Magic
 + Level 2.5 Air Magic
 + Level 2.5 Earth Magic
 + Level 2.5 Poison Magic
 + Level 3.4 Invocations
 + Level 3.1 Evocations


You had 9 spell levels left.
You knew the following spells:

 Your Spells              Type           Power        Failure   Level  Hunger
a - Summon Small Mammal   Summ           ####         1%          1    None
c - Call Canine Familiar  Summ           #####...     1%          3    ##.....
i - Call Imp              Summ           #####...     1%          2    None
L - Summon Lightning Spi  Summ/Air       ####....     12%         4    ####...

Your spell library contained the following spells:

 Spells                   Type           Power        Failure   Level  Hunger
 Summon Guardian Golem    Hex/Summ       ####....     3%          3    ##.....
 Summon Ice Beast         Ice/Summ       ####....     12%         4    ####...


Dungeon Overview and Level Annotations

Branches:
Dungeon (8/15)             Temple (1/1) D:5
   Lair: D:8-11

Altars:
Ashenzari
Cheibriados
Elyvilon
Gozag
Hepliaklqana
Makhleb
Nemelex Xobeh
Okawaru
Qazlal
Sif Muna
Uskayaw
Vehumet
Wu Jian
Xom
Zin
The Shining One

Shops:
D:7 ?

Annotations:
D:5 exclusion: upstairs


Innate Abilities, Weirdness & Mutations

Your experience applies equally to all skills.
You have very sharp teeth.
Your uncanny sense of smell can sniff out nearby items.


Message History

Your lightning spire shoots out a bolt of lightning at the gargoyle!
The bolt of electricity hits the gargoyle.
The gargoyle resists.
The bolt of electricity hits the gargoyle.
The gargoyle resists.
Unknown command.
Things that are here:
a +0 falchion; a +0 club; a hunting sling Unknown command.
Wield which item (- for none, * to show all)? (? for menu, Esc to quit)
Q - a +0 morningstar (weapon)
Unknown command.
You hit the gargoyle but do no damage.
The gargoyle is moderately damaged.
The gargoyle barely misses you.
Your lightning spire shoots out a bolt of lightning at the gargoyle!
The bolt of electricity hits the gargoyle.
The gargoyle appears unharmed.
The bolt of electricity hits the gargoyle.
The gargoyle resists.
The bolt of electricity hits your lightning spire.
Your lightning spire completely resists.
The bolt of electricity hits your lightning spire.
Your lightning spire completely resists.
You hit the gargoyle but do no damage.
The gargoyle is heavily damaged.
The gargoyle hits you with a +0 morningstar!
Your lightning spire shoots out a bolt of lightning at the gargoyle!
The bolt of electricity hits the gargoyle.
The gargoyle resists.
The bolt of electricity hits the gargoyle.
The gargoyle resists.
The bolt of electricity hits your lightning spire.
Your lightning spire completely resists.
The bolt of electricity hits your lightning spire.
Your lightning spire completely resists.
The gargoyle hits your lightning spire with a +0 morningstar!
You barely miss the gargoyle. Your bite misses the gargoyle.
The gargoyle is heavily damaged.
Your lightning spire disappears in a puff of smoke!
The gargoyle hurls a stone arrow at you.
The stone arrow hits you!
* * * LOW HITPOINT WARNING * * *
Unknown command.
Casting: Summon Lightning Spire (safe; 12% risk of failure)
Confirm with . or Enter, or press ? or * to list all spells.
Aiming: Summon Lightning Spire (safe; 12% risk of failure)
Press: ? - help, Dir - move target cursor, f - gargoyle
Aim: a gargoyle, wielding a +0 morningstar (heavily damaged)
Okay, then.
You feel much better.
The gargoyle hits you with a +0 morningstar!
* * * LOW HITPOINT WARNING * * *
Casting: Summon Lightning Spire (safe; 12% risk of failure)
Confirm with . or Enter, or press ? or * to list all spells.
Aiming: Summon Lightning Spire (safe; 12% risk of failure)
Press: ? - help, Dir - move target cursor An electric hum fills the air.
Unknown command.
You hit the gargoyle.
The gargoyle is severely damaged.
The gargoyle closely misses you. The gargoyle misses you.
You hit the gargoyle but do no damage.
The gargoyle is severely damaged.
Your lightning spire shoots out a bolt of lightning at the gargoyle!
The bolt of electricity hits the gargoyle.
The gargoyle completely resists.
The bolt of electricity hits the gargoyle.
The gargoyle resists.
The bolt of electricity hits your lightning spire.
Your lightning spire completely resists.
The bolt of electricity hits your lightning spire.
Your lightning spire completely resists.
The gargoyle hurls a stone arrow at your lightning spire.
The stone arrow hits your lightning spire.
You barely miss the gargoyle.
The gargoyle is severely damaged.
Your lightning spire shoots out a bolt of lightning at the gargoyle!
The bolt of electricity hits the gargoyle.
The gargoyle resists.
The bolt of electricity hits the gargoyle.
The gargoyle resists.
The bolt of electricity hits your lightning spire.
Your lightning spire completely resists.
The bolt of electricity hits your lightning spire.
Your lightning spire completely resists.
The gargoyle barely misses your lightning spire.
Your lightning spire shoots out a bolt of lightning at the gargoyle!
The bolt of electricity hits the gargoyle.
The gargoyle resists.
The bolt of electricity hits the gargoyle.
The gargoyle resists.
The bolt of electricity hits your lightning spire.
Your lightning spire completely resists.
The bolt of electricity hits your lightning spire.
Your lightning spire completely resists.
You hit the gargoyle but do no damage.
The gargoyle is almost destroyed.
The gargoyle hits you with a +0 morningstar!!
You die...

.................
....................#
............... ....#
. ######...##..#
#...# ..
##...##..####...##..
∆ #..................
#...............#
#...............#
##+######...@...#
.......###98##
.....####.#.# ...##
#.# .# .# #.# .# #.#
.# #.#∆ .# #.# .# ##
..


You could see a gargoyle and a friendly lightning spire.

Vanquished Creatures
  A hornet (D:7)
  An orc warrior (D:7)
  A phantom (D:4)
  A bullfrog (D:6)
  2 hounds
  A jelly (D:7)
  A bullfrog skeleton (D:5)
  An iguana (D:4)
  Ijyb (D:3)
  2 orc wizards (D:7)
  An adder (D:5)
  2 dart slugs
  3 leopard geckos
  11 orcs
  2 ball pythons
  3 goblins
  2 hobgoblins
  2 bats (D:2)
  2 frilled lizards
  A kobold (D:3)
  A leopard gecko skeleton (D:4)
  A rat (D:3)
43 creatures vanquished.

Vanquished Creatures (collateral kills)
  Eustachio (D:6)
  A phantom (D:4)
  An ogre (D:4)
  A centaur (D:8)
  A bullfrog (D:8)
  2 howler monkeys
  A crimson imp (D:7)
  2 hounds
  An orc priest (D:7)
  A centaur skeleton (D:4)
  Terence (D:2)
  A worker ant (D:4)
  Robin (D:3)
  2 gnolls
  4 adders
  5 worms
  7 dart slugs (D:5)
  A leopard gecko (D:2)
  9 orcs
  11 goblins
  11 hobgoblins
  2 jackals (D:2)
  3 kobolds
  A quokka (D:2)
  7 bats
  A frilled lizard (D:4)
  3 rats (D:2)
82 creatures vanquished.

Grand Total: 125 creatures vanquished

Notes
Turn   | Place    | Note
-------+----------+-------------------------------------------
     0 | D:1      | tidbits the Gnoll Summoner began the quest for the Orb.
     0 | D:1      | Reached XP level 1. HP: 13/13 MP: 6/6
   129 | D:1      | Reached XP level 2. HP: 17/19 MP: 3/7
   133 | D:1      | Learned a level 2 spell: Call Imp
   248 | D:2      | Noticed Terence
   263 | D:2      | Killed Terence
   263 | D:2      | Reached skill level 5 in Spellcasting
   263 | D:2      | Reached XP level 3. HP: 21/25 MP: 1/9
   361 | D:2      | Learned a level 3 spell: Call Canine Familiar
   387 | D:2      | Reached skill level 1 in Invocations
   447 | D:2      | Reached skill level 1 in Fighting
   447 | D:2      | Reached skill level 1 in Short Blades
   447 | D:2      | Reached skill level 1 in Long Blades
   447 | D:2      | Reached skill level 1 in Axes
   447 | D:2      | Reached skill level 1 in Maces & Flails
   447 | D:2      | Reached skill level 1 in Polearms
   447 | D:2      | Reached skill level 1 in Staves
   447 | D:2      | Reached skill level 1 in Slings
   447 | D:2      | Reached skill level 1 in Bows
   447 | D:2      | Reached skill level 1 in Crossbows
   447 | D:2      | Reached skill level 1 in Throwing
   447 | D:2      | Reached skill level 1 in Armour
   447 | D:2      | Reached skill level 1 in Shields
   447 | D:2      | Reached skill level 1 in Unarmed Combat
   447 | D:2      | Reached skill level 1 in Evocations
   448 | D:2      | Found an ornate altar of the Wu Jian Council.
   514 | D:3      | Reached XP level 4. HP: 31/32 MP: 0/11
   544 | D:3      | Found a glowing silver altar of Zin.
   581 | D:3      | Learned a level 4 spell: Summon Lightning Spire
   686 | D:5      | Entered Level 5 of the Dungeon
   693 | D:4      | Found a hazy altar of Hepliaklqana.
   693 | D:4      | Found a stormy altar of Qazlal.
   697 | D:4      | Found an opulent altar of Gozag.
   743 | D:5      | Reached skill level 1 in Conjurations
   743 | D:5      | Reached skill level 1 in Hexes
   743 | D:5      | Reached skill level 1 in Charms
   743 | D:5      | Reached skill level 1 in Necromancy
   743 | D:5      | Reached skill level 1 in Translocations
   743 | D:5      | Reached skill level 1 in Transmutations
   743 | D:5      | Reached skill level 1 in Fire Magic
   743 | D:5      | Reached skill level 1 in Ice Magic
   743 | D:5      | Reached skill level 1 in Air Magic
   743 | D:5      | Reached skill level 1 in Earth Magic
   743 | D:5      | Reached skill level 1 in Poison Magic
   767 | D:5      | Reached XP level 5. HP: 19/37 MP: 4/12
   915 | D:4      | Found a shattered altar of Ashenzari.
  1003 | D:4      | Noticed a phantom
  1013 | D:4      | Killed a phantom
  1098 | D:3      | Noticed Ijyb
  1100 | D:3      | Killed Ijyb
  1100 | D:3      | Reached XP level 6. HP: 19/44 MP: 5/13
  1187 | D:3      | Reached skill level 2 in Invocations
  1189 | D:3      | Noticed Robin
  1191 | D:3      | Killed Robin
  1316 | D:4      | Reached skill level 5 in Dodging
  1370 | D:4      | Reached skill level 2 in Fighting
  1370 | D:4      | Reached skill level 2 in Short Blades
  1370 | D:4      | Reached skill level 2 in Long Blades
  1370 | D:4      | Reached skill level 2 in Axes
  1370 | D:4      | Reached skill level 2 in Maces & Flails
  1370 | D:4      | Reached skill level 2 in Polearms
  1370 | D:4      | Reached skill level 2 in Staves
  1370 | D:4      | Reached skill level 2 in Slings
  1370 | D:4      | Reached skill level 2 in Bows
  1370 | D:4      | Reached skill level 2 in Crossbows
  1370 | D:4      | Reached skill level 2 in Throwing
  1370 | D:4      | Reached skill level 2 in Armour
  1370 | D:4      | Reached skill level 2 in Shields
  1370 | D:4      | Reached skill level 2 in Unarmed Combat
  1370 | D:4      | Reached skill level 2 in Evocations
  1424 | D:4      | Noticed a phantom
  1437 | D:4      | Killed a phantom
  1566 | D:5      | Reached XP level 7. HP: 50/50 MP: 15/15
  1692 | D:5      | Found a staircase to the Ecumenical Temple.
  1701 | Temple   | Entered the Ecumenical Temple
  1720 | Temple   | Became a worshipper of Cheibriados the Contemplative
  1939 | D:6      | Noticed Eustachio
  1949 | D:6      | Killed Eustachio
  1949 | D:6      | Reached skill level 2 in Conjurations
  1949 | D:6      | Reached skill level 2 in Hexes
  1949 | D:6      | Reached skill level 2 in Charms
  1949 | D:6      | Reached skill level 2 in Necromancy
  1949 | D:6      | Reached skill level 2 in Translocations
  1949 | D:6      | Reached skill level 2 in Transmutations
  1949 | D:6      | Reached skill level 2 in Fire Magic
  1949 | D:6      | Reached skill level 2 in Ice Magic
  1949 | D:6      | Reached skill level 2 in Air Magic
  1949 | D:6      | Reached skill level 2 in Earth Magic
  1949 | D:6      | Reached skill level 2 in Poison Magic
  2021 | D:7      | Reached skill level 5 in Stealth
  2114 | D:7      | Found Kapp's Magic Scroll Emporium.
  2126 | D:6      | Found a glowing golden altar of the Shining One.
  2155 | D:7      | Noticed a hornet
  2161 | D:7      | Reached skill level 3 in Invocations
  2164 | D:7      | Killed a hornet
  2164 | D:7      | Reached skill level 3 in Fighting
  2164 | D:7      | Reached skill level 3 in Short Blades
  2164 | D:7      | Reached skill level 3 in Long Blades
  2164 | D:7      | Reached skill level 3 in Axes
  2164 | D:7      | Reached skill level 3 in Maces & Flails
  2164 | D:7      | Reached skill level 3 in Polearms
  2164 | D:7      | Reached skill level 3 in Staves
  2164 | D:7      | Reached skill level 3 in Slings
  2164 | D:7      | Reached skill level 3 in Bows
  2164 | D:7      | Reached skill level 3 in Crossbows
  2164 | D:7      | Reached skill level 3 in Throwing
  2164 | D:7      | Reached skill level 3 in Armour
  2164 | D:7      | Reached skill level 3 in Shields
  2164 | D:7      | Reached skill level 3 in Unarmed Combat
  2164 | D:7      | Reached skill level 3 in Evocations
  2164 | D:7      | Reached XP level 8. HP: 54/58 MP: 12/16
  2171 | D:7      | Bought a scroll of blinking for 112 gold pieces
  2171 | D:7      | Bought a scroll of amnesia for 52 gold pieces
  2171 | D:7      | Bought a scroll of enchant weapon for 112 gold pieces
  2188 | D:7      | Reached * piety under Cheibriados
  2424 | D:8      | Reached skill level 6 in Spellcasting
  2429 | D:8      | Noticed a gargoyle
  2440 | D:8      | Slain by a gargoyle

Vault maps used:
D:1:      scummos_arrival_star
D:2:      minmay_recursive_quarters, overflow_temple_1_default, uniq_terence
D:3:      lemuel_doored_altar, first_ration, fedhas_altar_fruit_tree,
          uniq_grinder, uniq_robin, uniq_ijyb
D:4:      nicolae_ashenzari_panopticon, nicolae_overflow_hidden_temple,
          nemelex_diamond_rough_becter
D:5:      kennysheep_slugbush, temple_hall, cheibrodos_gnoll_hut
D:6:      tso_oasis_becter, basic_altar, trog_ov_bears_minmay, uniq_eustachio
D:7:      kennysheep_mini, serial_shops,
          nicolae_shop_temple_entry_statues_fountains
D:8:      minmay_the_grid_triangle_9x9_recursive_2,
          nicolae_dithmenos_through_a_glass_darkly, kiku_gazebo_garden_becter,
          chequers_temple_overflow_minitemple
Temple:   jpeg_temple_island

Skill      XL: |  1  2  3  4  5  6  7  8 |
---------------+-------------------------+-----
Spellcasting   | 5 6 |  6.0
Invocations    | 1 2 3 |  3.4
Fighting       | 1 2 3 |  3.1
Short Blades   | 1 2 3 |  3.1
Long Blades    | 1 2 3 |  3.1
Axes           | 1 2 3 |  3.1
Maces & Flails | 1 2 3 |  3.1
Polearms       | 1 2 3 |  3.1
Staves         | 1 2 3 |  3.1
Slings         | 1 2 3 |  3.1
Bows           | 1 2 3 |  3.1
Crossbows      | 1 2 3 |  3.1
Throwing       | 1 2 3 |  3.1
Armour         | 1 2 3 |  3.1
Shields        | 1 2 3 |  3.1
Unarmed Combat | 1 2 3 |  3.1
Evocations     | 1 2 3 |  3.1
Conjurations   | 1 2 |  2.5
Hexes          | 1 2 |  2.5
Charms         | 1 2 |  2.5
Necromancy     | 1 2 |  2.5
Translocations | 1 2 |  2.5
Transmutations | 1 2 |  2.5
Fire Magic     | 1 2 |  2.5
Ice Magic      | 1 2 |  2.5
Air Magic      | 1 2 |  2.5
Earth Magic    | 1 2 |  2.5
Poison Magic   | 1 2 |  2.5
Dodging        | 5 |  5.6
Stealth        | 5 |  5.3
Summonings     | |  7.6

Action                   |  1- 3 |  4- 6 |  7- 9 || total
-------------------------+-------+-------+-------++-------
Melee: Club              |    25 |       |       ||    25
       Falchion          |     7 |     9 |       ||    16
       Bite              |     2 |    11 |     5 ||    18
       Spear             |       |    52 |    10 ||    62
       Long sword        |       |     5 |       ||     5
       Dagger            |       |     5 |    12 ||    17
       Hand axe          |       |       |    25 ||    25
       Morningstar       |       |       |     7 ||     7
Throw: Tomahawk          |       |    15 |     7 ||    22
 Cast: Summon Small Mamm |    23 |       |       ||    23
       Call Imp          |     5 |       |       ||     5
       Call Canine Famil |     4 |     2 |       ||     6
       Summon Lightning  |       |    12 |     9 ||    21
Evoke: Wand              |       |     5 |     5 ||    10
  Use: Scroll            |       |     5 |     6 ||    11
       Potion            |       |       |     1 ||     1
 Stab: Sleeping          |     2 |     3 |     2 ||     7
       Distracted        |     1 |     1 |     1 ||     3
       Paralysed         |       |       |     1 ||     1
  Eat: Chunk             |       |     5 |     4 ||     9
Armor: Robe              |     1 |     8 |    14 ||    23
Dodge: Dodged            |    40 |    61 |    35 ||   136
       Rpst.: Falchion   |     2 |     2 |       ||     4
       Long sword        |       |     1 |       ||     1

Table legend:
 A = Non-vault XP
 B = Vault XP
 C = Vault XP percentage of total XP
 D = Non-vault monster count
 E = Vault monster count
 F = Vault count percentage of total count
                 A         B        C        D         E       F
            +---------+---------+-------+---------+---------+-------
      Total |    1168 |     464 |  28.4 |      86 |      39 |  31.2
            +---------+---------+-------+---------+---------+-------
        D:1 |      12 |       0 |   0.0 |      10 |       0 |   0.0
        D:2 |      36 |      33 |  47.8 |      13 |      10 |  43.5
        D:3 |      63 |      59 |  48.4 |      30 |      13 |  30.2
        D:4 |     346 |       0 |   0.0 |      12 |       0 |   0.0
        D:5 |      50 |      85 |  63.0 |       3 |      11 |  78.6
        D:6 |      90 |     135 |  60.0 |       3 |       1 |  25.0
        D:7 |     571 |       0 |   0.0 |      15 |       0 |   0.0
        D:8 |       0 |     152 | 100.0 |       0 |       4 | 100.0
            +---------+---------+-------+---------+---------+-------

Table legend:
 A = Turns spent in this place as a percentage of turns spent in the entire game.
 B = Non-inter-level travel turns spent in this place as a percentage of non-inter-level travel turns spent in the entire game.
 C = Inter-level travel turns spent in this place as a percentage of turns spent in this place.
 D = Turns resting spent in this place as a percentage of non-inter-level travel turns spent in this place.
 E = Turns spent auto-exploring this place as a percentage of non-inter-level travel turns spent in this place.
 F = Non-inter-level travel turns spent in this place divided by the number of levels of this place that you've seen.
                   A       B       C       D       E      F
               +-------+-------+-------+-------+-------+----------------------
         Total | 100.0 | 100.0 |   3.2 |   0.0 |   0.0 | 262.4
       Dungeon |  98.4 |  99.1 |   2.5 |   0.0 |   0.0 | 292.6
        Temple |   1.6 |   0.9 |  44.7 |   0.0 |   0.0 |  21.0
               +-------+-------+-------+-------+-------+----------------------

Table legend:
 A = Kills in this place as a percentage of kills in entire the game.
 B = Kills by you in this place as a percentage of kills by you in the entire game.
 C = Kills by friends in this place as a percentage of kills by friends in the entire game.
 D = Other kills in this place as a percentage of other kills in the entire game.
 E = Experience gained in this place as a percentage of experience gained in the entire game.
 F = Experience gained in this place divided by the number of levels of this place that you have seen.
                   A       B       C       D       E      F
               +-------+-------+-------+-------+-------+----------------------
         Total | 100.0 | 100.0 | 100.0 |   N/A | 100.0 | 181.3
       Dungeon | 100.0 | 100.0 | 100.0 |   N/A | 100.0 | 204.0
               +-------+-------+-------+-------+-------+----------------------

Vault maps used:
D:1:      scummos_arrival_star
D:2:      minmay_recursive_quarters, overflow_temple_1_default, uniq_terence
D:3:      lemuel_doored_altar, first_ration, fedhas_altar_fruit_tree,
          uniq_grinder, uniq_robin, uniq_ijyb
D:4:      nicolae_ashenzari_panopticon, nicolae_overflow_hidden_temple,
          nemelex_diamond_rough_becter
D:5:      kennysheep_slugbush, temple_hall, cheibrodos_gnoll_hut
D:6:      tso_oasis_becter, basic_altar, trog_ov_bears_minmay, uniq_eustachio
D:7:      kennysheep_mini, serial_shops,
          nicolae_shop_temple_entry_statues_fountains
D:8:      minmay_the_grid_triangle_9x9_recursive_2,
          nicolae_dithmenos_through_a_glass_darkly, kiku_gazebo_garden_becter,
          chequers_temple_overflow_minitemple
Temple:   jpeg_temple_island
